 Dungeon Crawl Stone Soup version 0.21-a0-195-gc079aee (webtiles) character file.

490 GordonOverkill the Chopper (level 6, 0/51 HPs)
             Began as a Demigod Gladiator on Aug 15, 2017.
             Slain by a centaur (3 damage)
             ... on level 5 of the Dungeon.
             The game lasted 00:09:18 (4480 turns).

GordonOverkill the Chopper (Demigod Gladiator)      Turns: 4480, Time: 00:09:18

Health: 0/51       AC: 15    Str: 21    XL:     6   Next: 59%
Magic:  8/8        EV:  9    Int: 12    God:
Gold:   234        SH:  0    Dex: 22    Spells: 5/5 levels left

rFire    . . .     SeeInvis .   b - +1 war axe
rCold    . . .     Gourm    .   (no shield)
rNeg     . . .     Faith    .   e - +3 chain mail
rPois    .         Spirit   .   c - +0 helmet
rElec    .         Reflect  .   k - +1 cloak
rCorr    .         Harm     .   (no gloves)
MR       .....                  (no boots)
Stlth    ..........             (no amulet)
HPRegen  0.17/turn              q - +5 ring of dexterity
MPRegen  0.11/turn              (no ring)

@: hasted, very quick
A: high mp 1
a: no special abilities


You were on level 5 of the Dungeon.
You were not hungry.

You visited 1 branch of the dungeon, and saw 5 of its levels.

You collected 234 gold pieces.

Inventory:

Hand Weapons
 a - a +0 hunting sling
 b - a +1 war axe (weapon)
Missiles
 d - a throwing net (quivered)
 p - 30 sling bullets
 v - 8 tomahawks
Armour
 c - a +0 helmet (worn)
 e - a +3 chain mail (worn)
 k - a +1 cloak (worn)
 t - a +0 buckler
Jewellery
 q - a +5 ring of dexterity (left hand)
Wands
 h - a wand of random effects (18/48)
Scrolls
 i - 4 scrolls of identify
 r - 2 scrolls of teleportation
 s - a scroll of remove curse
Potions
 j - a potion of cancellation
 o - 2 potions of flight
 u - a potion of curing
Books
 w - a book of Maledictions

   Spells                             Type                      Level
   a - Corona                         Hexes                        1
   b - Ensorcelled Hibernation        Hexes/Ice                    2
   c - Confuse                        Hexes                        3
   d - Tukima's Dance                 Hexes                        3
   e - Dazzling Spray                 Conjuration/Hexes            3
 y - a book of Necromancy

   Spells                             Type                      Level
   a - Pain                           Necromancy                   1
   b - Animate Skeleton               Necromancy                   1
   c - Vampiric Draining              Necromancy                   3
   d - Regeneration                   Charms/Necromancy            3
   e - Animate Dead                   Necromancy                   4
   f - Control Undead                 Necromancy                   4
Comestibles
 f - 2 bread rations
 g - 2 meat rations
 l - 4 fruits
 m - 2 royal jellies
 x - 3 chunks of flesh


   Skills:
 - Level 3.3 Fighting
 + Level 5.3 Axes
 - Level 1.7 Throwing
 - Level 2.7 Armour
 - Level 2.6 Dodging
 * Level 1.7 Shields


You had 5 spell levels left.
You didn't know any spells.

Dungeon Overview and Level Annotations

Branches:
Dungeon (5/15)             Temple (0/1) D:4

Annotations:
D:5 WhatIsLove's ghost, novice DENe


Innate Abilities, Weirdness & Mutations

You have an increased reservoir of magic. (+10% MP)


Message History

You slash the centaur! You hit the worker ant zombie.
The centaur hits you but does no damage.
The worker ant zombie bites you but does no damage.
WhatIsLove's ghost hits you.
You are electrocuted!
* * * LOW HITPOINT WARNING * * *
The centaur barely misses you.
Okay, then.
Okay, then.
A jackal comes into view.
The jackal barks!
The worker ant zombie bites you but does no damage.
You hit the centaur.
The centaur is almost dead.
You hit the worker ant zombie.
The centaur hits you but does no damage.
The worker ant zombie closely misses you.
The centaur misses you.
The worker ant zombie bites you but does no damage.
It was a potion of haste.
You feel yourself speed up. The centaur hits you.
You die...

#..####... ..
##.......# ##.#..##
###..###. ...#$..#
##....##. #....#.#
##..#..... #.#....#
#..##..... ..#...#
#.###.....
#.#...###.........
#@#...............
#ZcW##^..#...#....
#hS##.........#####
....h.#.........#
.........%W.......#
...............##.#
........#....###
..# ........#...[.
.. .....>...#.....


You could see a centaur, WhatIsLove's ghost, an adder, a worker ant zombie and 2
jackals.

Vanquished Creatures
  2 ogres
  3 orc priests
  Crazy Yiuf (D:3)
  2 iguanas (D:4)
  An orc wizard (D:4)
  4 adders
  2 oozes
  A worm (D:2)
  2 dart slugs
  2 leopard geckos
  6 orcs
  4 bats
  4 giant cockroaches
  8 goblins
  8 hobgoblins
  8 jackals (D:2)
  2 quokkas
  5 frilled lizards
  10 kobolds
  A leopard gecko skeleton (D:4)
  A leopard gecko zombie (D:5)
  5 rats
82 creatures vanquished.

Notes
Turn   | Place    | Note
-------+----------+-------------------------------------------
     0 | D:1      | GordonOverkill the Demigod Gladiator began the quest for the Orb.
     0 | D:1      | Reached XP level 1. HP: 17/17 MP: 3/3
   228 | D:1      | Reached skill level 3 in Axes
   385 | D:1      | Reached XP level 2. HP: 24/24 MP: 4/4
  1263 | D:2      | Reached skill level 1 in Armour
  1273 | D:2      | Reached XP level 3. HP: 29/29 MP: 5/5
  1935 | D:3      | Reached XP level 4. HP: 30/37 MP: 6/6
  2139 | D:3      | Found a snail-covered altar of Cheibriados.
  2165 | D:3      | Found a burning altar of Makhleb.
  2291 | D:3      | Found a white marble altar of Elyvilon.
  2312 | D:3      | Reached skill level 4 in Axes
  2617 | D:3      | Reached XP level 5. HP: 37/44 MP: 7/7
  2761 | D:3      | Found a runed door.
  2822 | D:3      | Noticed Crazy Yiuf
  2831 | D:3      | Paralysed by Crazy Yiuf for 6 turns
  2839 | D:3      | Killed Crazy Yiuf
  3085 | D:4      | Found a staircase to the Ecumenical Temple.
  3126 | D:4      | Found a shadowy altar of Dithmenos.
  3588 | D:4      | Found a stormy altar of Qazlal.
  3718 | D:4      | Noticed an ogre
  3730 | D:4      | Killed an ogre
  3730 | D:4      | Reached skill level 5 in Axes
  3730 | D:4      | Reached XP level 6. HP: 9/51 MP: 8/8
  3982 | D:4      | Found a shattered altar of Ashenzari.
  4402 | D:5      | Entered Level 5 of the Dungeon
  4409 | D:5      | Reached skill level 1 in Shields
  4466 | D:5      | Noticed WhatIsLove's ghost (novice DENe)
  4477 | D:5      | HP: 2/51 [WhatIsLove's ghost (19)]
  4480 | D:5      | Slain by a centaur

Vault maps used:
D:1:      dpeg_arrival_court
D:2:      st_stairs_5
D:3:      grunt_temple_overflow_open, elyvilon_altar_5, uniq_crazy_yiuf_cottage
D:4:      kennysheep_mini_moat, nicolae_dithmenos_through_a_glass_darkly,
          ashenzari_altar_1, temple_pool_b
D:5:      trog_eyes_of_draining, first_bread, st_stairs_5, grunt_ministairs_9

Skill      XL: |  1  2  3  4  5  6 |
---------------+-------------------+-----
Axes           | 3 4 5 |  5.3
Fighting       | 2 3 |  3.3
Armour         | 1 2 |  2.7
Shields        | 1 |  1.7
Throwing       | |  1.7
Dodging        | |  2.6

Action                   |  1- 3 |  4- 6 || total
-------------------------+-------+-------++-------
Melee: War axe           |   147 |    83 ||   230
 Fire: Hunting sling     |    10 |    29 ||    39
Throw: Throwing net      |     2 |     3 ||     5
Evoke: Wand              |       |     1 ||     1
  Use: Scroll            |       |    12 ||    12
       Potion            |       |     2 ||     2
 Stab: Held in net/web   |       |     2 ||     2
       Paralysed         |       |     3 ||     3
  Eat: Chunk             |     3 |     8 ||    11
Armor: Leather armour    |     5 |       ||     5
       Scale mail        |    56 |       ||    56
       Chain mail        |       |    55 ||    55
Dodge: Dodged            |    82 |    35 ||   117
